 Dungeon Crawl Stone Soup version 0.32-a0-35-gd9ff480968 (webtiles) character file.

Game seed: 6654408812966736197

1435 cforsyth the Trooper (level 9, -8/68 HPs)
             Began as a Djinni Enchanter on Jan 23, 2024.
             Was an Initiate of Fedhas.
             Mangled by an orc warrior
             ... wielding a +0 war axe
              (9 damage)
             ... in a bailey.
             The game lasted 00:09:28 (5829 turns).

cforsyth the Trooper (Djinni Enchanter)             Turns: 5829, Time: 00:09:28

Health: -8/68      AC:  8    Str:  7    XL:     9   Next: 3%
Gold:   255        EV: 10    Int: 21    God:    Fedhas [......] SH:  0 Dex: 14

rFire   + + .        a - +1 dagger
rCold   . . .        (no shield)
rNeg    . . .        q - +1 ring mail {rC+}
rPois   ∞            r - +0 helmet
rElec   .            x - +0 cloak
rCorr   .            (no gloves)
SInv    .            (boots unavailable)
Will    .....        (no amulet)
Stlth   +            (no ring)
HPRegen 0.31/turn    (no ring)
MPRegen 0.00/turn

%: infuse magic (-9 HP)
@: flying
A: sickness immunity, fire resistance 2, cold vulnerability 1, float, innate
caster, HP casting, extra vitality 1
a: Renounce Religion


You were in a bailey.
You worshipped Fedhas.
Fedhas was noncommittal.
You visited 2 branches of the dungeon, and saw 8 of its levels.
You also visited: Bailey.

You collected 255 gold pieces.

Inventory:

Hand Weapons
 a - a +1 dagger (weapon)
Armour
 b - a +0 robe
 q - a +1 ring mail of cold resistance (worn)
 r - a +0 helmet (worn)
 x - a +0 cloak (worn)
Jewellery
 k - a ring of protection from cold
 l - a ring of see invisible
 z - a ring of ice
Wands
 i - a wand of iceblast (10)
 p - a wand of paralysis (14)
 y - a wand of quicksilver (5)
Scrolls
 d - a scroll of acquirement {unknown}
 h - 3 scrolls of teleportation {unknown}
 n - 3 scrolls of revelation
 o - 3 scrolls of fog {unknown}
 t - a scroll of vulnerability {unknown}
 w - 2 scrolls of enchant weapon {unknown}
 A - a scroll of identify
 B - a scroll of enchant armour {unknown}
Potions
 c - 2 potions of invisibility
 e - 3 potions of curing
 f - a potion of heal wounds {unknown}
 g - 2 potions of cancellation {unknown}
 j - 3 potions of brilliance
 m - a potion of mutation {unknown}
 s - 3 potions of ambrosia
 u - a potion of resistance {unknown}
 v - a potion of haste {unknown}


   Skills:
 + Level 7.4 Fighting
 - Level 0.8 Short Blades
 - Level 2.1 Dodging
 - Level 2.4 Stealth
 + Level 6.3 Spellcasting
 + Level 6.3 Conjurations
 + Level 6.3 Hexes
   Level 0.0 Charms
 + Level 6.3 Summonings
 + Level 6.3 Necromancy
 + Level 6.3 Translocations
   Level 0.0 Transmutations
 + Level 6.3 Fire Magic
 + Level 6.3 Ice Magic
 + Level 6.3 Air Magic
 + Level 6.3 Earth Magic
 + Level 6.3 Alchemy


You knew the following spells:

 Your Spells              Type           Power      Damage    Failure   Level
a - Ensorcelled Hibernat  Hex/Ice        66%        N/A       3%          2
b - Confusing Touch       Hex            33%        N/A       8%          3
c - Tukima's Dance        Hex            33%        N/A       8%          3
d - Dazzling Flash        Conj/Hex       66%        N/A       8%          3
e - Foxfire               Conj/Fire      100%       2x1d9     2%          1
f - Jinxbite              Hex            66%        N/A       3%          2
g - Mercury Vapours       Alch/Air       66%        N/A       3%          2
h - Cause Fear            Hex            16%        N/A       24%         4
Your spell library was empty.

Dungeon Overview and Level Annotations

Branches:
Dungeon (7/15)             Temple (1/1) D:6          Bailey (1/1)

Altars:
Ashenzari
Cheibriados
Dithmenos
Fedhas
Gozag
Hepliaklqana
Makhleb
Nemelex Xobeh
Okawaru
Qazlal
Ru
Trog
Uskayaw
Wu Jian
Xom
Yredelemnul
Zin
The Shining One

Shops:
D:3 *

Annotations:
D:3 1 runed translucent door, Consumeair16's ghost, amateur TrSu


Innate Abilities, Weirdness & Mutations

You are immune to sickness and miasma.
You are immune to poison.
Your flesh is very heat resistant. (rF++)
You are vulnerable to cold. (rC-)
You float through the air rather than walking.
You learn spells naturally, not from books.
Your magical power is your life essence.
You have superior vitality. (+4 MHP)


Message History

You are too injured to fight recklessly!
You are too injured to fight recklessly!
Casting: Foxfire (safe; 2% risk of failure)
Confirm with . or Enter, or press ? or * to list all spells.
Aiming: Ensorcelled Hibernation (safe; 3% risk of failure)
Press: ? - help, Shift-Dir - straight line, f - orc warrior
Aim: an orc warrior, wielding a +0 war axe and wearing a +0 plate armour (moderately wounded, ally target, chance to affect: 62%)
The orc warrior looks drowsy...
The foxfire hits the orc warrior but does no damage.
The orc warrior is moderately wounded.
The orc warrior shouts!
The foxfire hits the orc warrior.
The orc warrior is heavily wounded.
The orc warrior hits you with a +0 war axe!
* * * LOW HITPOINT WARNING * * *
Casting: Ensorcelled Hibernation (safe; 3% risk of failure)
Confirm with . or Enter, or press ? or * to list all spells.
Aiming: Ensorcelled Hibernation (safe; 3% risk of failure)
Press: ? - help, Shift-Dir - straight line, f - you, p - orc warrior
Okay, then.
Casting: Ensorcelled Hibernation (safe; 3% risk of failure)
Confirm with . or Enter, or press ? or * to list all spells.
Casting: Cause Fear (dangerous; 24% risk of failure)
Press: ? - help, Dir - look around, f - activate The orc warrior resists with almost no effort.
* * * LOW HITPOINT WARNING * * *
The orc warrior hits you with a +0 war axe.
* * * LOW HITPOINT WARNING * * *
Casting: Cause Fear (dangerous; 24% risk of failure)
Confirm with . or Enter, or press ? or * to list all spells.
You don't know that spell.
Casting: Cause Fear (dangerous; 24% risk of failure)
Confirm with . or Enter, or press ? or * to list all spells.
Casting: Cause Fear (dangerous; 24% risk of failure)
Press: ? - help, Dir - look around, f - activate The orc warrior resists with almost no effort.
* * * LOW HITPOINT WARNING * * *
The orc warrior hits you with a +0 war axe!
You die...
Fedhas appreciates your contribution to the ecosystem.

### .# ###.### ...#
###.....### .....
##.........##
.....o#.....).....#
...go.'...))).....#
⌠.....#.....§o@...#
..... #.........).#
.... #........)..# ...
##......)).### ♣♣♣ .g
###.....#'#.### ♣♣♣.♣♣
.
###.###.....###♣♣.....
###..)......##......
#.§..)......#......
#...........'......


You could see an orc warrior.

Vanquished Creatures
  An orc warrior (Bailey)
  3 ice beasts (D:6)
  2 ogres
  2 centaurs
  2 kobold brigands (D:6)
  A scorpion (D:6)
  A howler monkey (D:6)
  A sleepcap (D:4)
  A hound (D:5)
  A jelly (D:6)
  An orc priest (D:3)
  Ijyb (D:3)
  2 iguanas
  An orc wizard (D:4)
  Robin (D:3)
  5 gnolls
  6 adders
  3 dart slugs
  2 ribbon worms
  18 orcs
  7 ball pythons
  2 bats
  6 endoplasms
  4 giant cockroaches (D:1)
  27 goblins
  20 hobgoblins
  8 jackals
  4 quokkas
  2 frilled lizards
  17 kobolds
  5 rats
157 creatures vanquished.

Vanquished Creatures (collateral kills)
  48 foxfires (D:2)
48 creatures vanquished.

Vanquished Creatures (others)
  708 foxfires
708 creatures vanquished.

Grand Total: 913 creatures vanquished

Notes
Turn   | Place    | Note
-------+----------+-------------------------------------------
     0 | D:1      | cforsyth the Djinni Enchanter began the quest for the Orb.
     0 | D:1      | cforsyth set off with the following spells memorised:
                  | Ensorcelled Hibernation, Confusing Touch, Tukima's Dance,
                  | Dazzling Flash.
     0 | D:1      | Reached XP level 1. HP: 15/15 MP: 0/0
    93 | D:1      | Reached XP level 2. HP: 19/22 MP: 0/0
   197 | D:1      | Reached skill level 1 in Fighting
   640 | D:1      | Reached XP level 3. HP: 26/27 MP: 0/0
   640 | D:1      | Learned a level 1 spell: Foxfire
   665 | D:1      | Found a faded altar of an unknown god.
  1073 | D:2      | Reached skill level 2 in Fighting
  1089 | D:2      | Reached XP level 4. HP: 22/34 MP: 0/0
  1578 | D:2      | Reached skill level 3 in Fighting
  1578 | D:2      | Reached XP level 5. HP: 37/40 MP: 0/0
  1578 | D:2      | Learned a level 2 spell: Jinxbite
  2388 | D:3      | Found a basalt altar of Yredelemnul.
  2416 | D:3      | Reached XP level 6. HP: 33/46 MP: 0/0
  2495 | D:3      | Found Reisiehycy's General Store.
  2592 | D:3      | Noticed Consumeair16's ghost (amateur TrSu)
  2599 | D:3      | Found a runed translucent door.
  2664 | D:3      | Noticed Ijyb
  2684 | D:3      | Killed Ijyb
  2742 | D:3      | Noticed Robin
  2745 | D:3      | Killed Robin
  2746 | D:3      | Reached skill level 4 in Fighting
  3160 | D:4      | Noticed an ogre
  3176 | D:4      | Killed an ogre
  3351 | D:4      | Reached XP level 7. HP: 50/53 MP: 0/0
  3351 | D:4      | Learned a level 2 spell: Mercury Vapours
  4228 | D:5      | Entered Level 5 of the Dungeon
  4232 | D:5      | Reached skill level 5 in Fighting
  4244 | D:5      | Reached skill level 5 in Spellcasting
  4244 | D:5      | Reached skill level 5 in Conjurations
  4244 | D:5      | Reached skill level 5 in Hexes
  4244 | D:5      | Reached skill level 5 in Summonings
  4244 | D:5      | Reached skill level 5 in Necromancy
  4244 | D:5      | Reached skill level 5 in Translocations
  4244 | D:5      | Reached skill level 5 in Fire Magic
  4244 | D:5      | Reached skill level 5 in Ice Magic
  4244 | D:5      | Reached skill level 5 in Air Magic
  4244 | D:5      | Reached skill level 5 in Earth Magic
  4244 | D:5      | Reached skill level 5 in Alchemy
  4787 | D:6      | Found a glowing silver altar of Zin.
  4792 | D:6      | Noticed an angel
  4807 | D:6      | Reached XP level 8. HP: 48/61 MP: 0/0
  4850 | D:6      | Found a shimmering altar of Xom.
  4893 | D:6      | Reached skill level 6 in Fighting
  5126 | D:6      | Found an opulent altar of Gozag.
  5277 | D:6      | Reached skill level 7 in Fighting
  5277 | D:6      | Found a staircase to the Ecumenical Temple.
  5286 | Temple   | Entered the Ecumenical Temple
  5296 | Temple   | Became a worshipper of Fedhas Madash
  5509 | D:7      | Found a flagged portal.
  5521 | Bailey   | Entered a bailey
  5783 | Bailey   | Reached XP level 9. HP: 39/68 MP: 0/0
  5783 | Bailey   | Learned a level 4 spell: Cause Fear
  5829 | Bailey   | Mangled by an orc warrior

Illustrated notes

Levels and vault maps discovered:
D:1:      shiori_shiawase, layout_basic, hellmonk_ecumenical_altar_inner_sanctum
D:2:      layout_basic, minmay_hedge_maze
D:3:      layout_rooms, mainiacjoe_overflow_tiny_flanked, serial_shops, shop,
          hellmonk_ghost_happy_afterlife, moated_statue, uniq_ijyb, uniq_robin
D:4:      layout_loops_corners
D:5:      layout_rooms, chequers_serial_rivers_micro_e
D:6:      layout_basic, grunt_temple_overflow_order_and_chaos_1,
          nicolae_overflow_hidden_temple, minmay_temple_entry_wispy
D:7:      kennysheep_six_static_rooms, layout_loops_ring, enter_bailey_4
Temple:   nicolae_temple_x_marks_the_god
Bailey:   bailey_axe_minmay_hex_keep, bailey

Skill      XL: |  1  2  3  4  5  6  7  8 |
---------------+-------------------------+-----
Spellcasting   | 3 4 5 6 |  6.3
Conjurations   | 3 4 5 6 |  6.3
Hexes          | 3 4 5 6 |  6.3
Summonings     | 3 4 5 6 |  6.3
Necromancy     | 3 4 5 6 |  6.3
Translocations | 3 4 5 6 |  6.3
Fire Magic     | 3 4 5 6 |  6.3
Ice Magic      | 3 4 5 6 |  6.3
Air Magic      | 3 4 5 6 |  6.3
Earth Magic    | 3 4 5 6 |  6.3
Alchemy        | 3 4 5 6 |  6.3
Fighting       | 1 2 3 4 5 7 |  7.4
Short Blades   | |  0.8
Dodging        | |  2.1
Stealth        | |  2.4

Action                     |  1- 3 |  4- 6 |  7- 9 || total
---------------------------+-------+-------+-------++-------
  Melee: Dagger            |    91 |    19 |    35 ||   145
         Punch             |     1 |     1 |     2 ||     4
   Cast: Foxfire           |    35 |   185 |   215 ||   435
         Ensorcelled Hiber |       |       |     3 ||     3
         Cause Fear        |       |       |     2 ||     2
    Use: Scroll            |       |       |     6 ||     6
   Stab: Sleeping          |     3 |     1 |       ||     4
 Armour: Robe              |    30 |    14 |       ||    44
         Ring mail         |       |     4 |    76 ||    80
  Dodge: Dodged            |    58 |    15 |    34 ||   107

Table legend: (Time is in decaauts)
 A = Elapsed time spent in this place.
 B = Non-inter-level travel time spent in this place.
 C = Inter-level travel time spent in this place.
 D = Time resting spent in this place.
 E = Time spent auto-exploring this place.
 F = Levels seen in this place.
 G = Mean time per level.
                   A        B        C        D        E       F      G
               +--------+--------+--------+--------+--------+-----+--------+
         Total |   5822 |   5645 |    177 |     86 |   4447 |   9 |  646.9 |
       Dungeon |   5493 |   5326 |    167 |     52 |   4240 |   7 |  784.7 |
        Temple |     20 |     10 |     10 |      0 |      0 |   1 |   20.0 |
        Bailey |    307 |    307 |      0 |     34 |    207 |   1 |  307.0 |
               +--------+--------+--------+--------+--------+-----+--------+

Top non-repeatable levels by time:
     D:2: 1263 daAuts
     D:4: 1206 daAuts
     D:1: 986 daAuts
     D:3: 764 daAuts
     D:6: 737 daAuts
     D:5: 468 daAuts
  Bailey: 307 daAuts
     D:7: 66 daAuts
  Temple: 20 daAuts
